 Dungeon Crawl Stone Soup version 0.29.1-2-gbd0b4ee654 (webtiles) character file.

Game seed: 6627877990148247750

2858 xian the Twirler (level 9, -1/87 HPs)
             Began as a Troll Fighter on Nov 8, 2022.
             Slain by a scorpion (5 damage)
             ... on level 5 of the Dungeon.
             The game lasted 00:17:51 (4000 turns).

xian the Twirler (Troll Fighter)                    Turns: 4000, Time: 00:17:52

Health: -1/87      AC:  9    Str: 30    XL:     9   Next: 47%
Magic:  3/8        EV: 11    Int:  4    God:
Gold:   154        SH:  0    Dex:  9    Spells: 8/8 levels left

rFire   . . .      SeeInvis .   r - +4 quarterstaff (chaos)
rCold   . . .      Faith    .   (shield currently unavailable)
rNeg    . . .      Spirit   .   b - +0 robe
rPois   .          Reflect  .   (helmet restricted)
rElec   .          Harm     .   s - +0 cloak
rCorr   .          Rampage  .   (gloves unavailable)
Will    .....                   (boots unavailable)
Stlth   ++........              (no amulet)
HPRegen 1.04/turn               h - +4 ring of protection
MPRegen 0.11/turn               (no ring)

@: lethally poisoned (-1 -> -2)
A: large, unfitting armour, claws 3, regeneration 1, shaggy fur 1, tough skin 1
a: no special abilities


You were on level 5 of the Dungeon.
You visited 1 branch of the dungeon, and saw 5 of its levels.

You collected 216 gold pieces.
You spent 62 gold pieces at shops.

Inventory:

Hand Weapons
 r - a +4 quarterstaff of chaos (weapon)
Missiles
 q - 11 poisoned darts (quivered)
 u - 2 atropa-tipped darts
 v - 5 datura-tipped darts
Armour
 b - a +0 robe (worn)
 c - a +0 kite shield
 s - a +0 cloak (worn)
Jewellery
 h - a +4 ring of protection (left claw)
 B - a ring of wizardry
Wands
 n - a wand of charming (17)
Scrolls
 f - a scroll of butterflies {unknown}
 i - a scroll of enchant weapon
 j - a scroll of torment
 l - a scroll of immolation
 p - a scroll of brand weapon
 x - 7 scrolls of teleportation {unknown}
 z - 2 scrolls of summoning {unknown}
 C - a scroll of magic mapping
 D - a scroll of blinking
 E - a scroll of vulnerability
Potions
 d - 2 potions of might
 e - 2 potions of invisibility
 g - a potion of attraction
 k - a potion of mutation {unknown}
 m - a potion of haste {unknown}
 o - 2 potions of lignification
 t - a potion of degeneration
 w - a potion of curing
 A - a potion of flight {unknown}


   Skills:
 + Level 4.8 Fighting
 + Level 3.5(6.3) Maces & Flails
 + Level 7.5(7.8) Staves
 + Level 0.5 Throwing
 + Level 5.4 Dodging
 + Level 1.6 Stealth
 + Level 3.7 Shields
 + Level 0.9 Unarmed Combat


You had 8 spell levels left.
You didn't know any spells.
Your spell library contained the following spells:

 Spells                   Type           Power      Damage    Failure   Level
 Freeze                   Ice            0%         1d3       50%         1
 Blink                    Tloc           0%         N/A       65%         2
 Confusing Touch          Hex            0%         N/A       86%         3
 Frozen Ramparts          Ice            0%         1d1       86%         3
 Lesser Beckoning         Tloc           0%         N/A       86%         3
 Hailstorm                Conj/Ice       0%         3d3       99%         4
 Manifold Assault         Tloc           0%         N/A       100%        5
 Yara's Violent Unravell  Hex/Tmut       0%         3d3       100%        5
 Enfeeble                 Hex            0%         N/A       100%        7


Dungeon Overview and Level Annotations

Branches:
Dungeon (5/15)
 Temple: D:4-7

Altars:

Shops:
D:3 *   D:4 :

Annotations:
D:5 2 runed translucent doors


Innate Abilities, Weirdness & Mutations

You are too large for most types of armour.
You have claws for hands.
Your natural rate of healing is unusually fast.
You are covered in fur. (AC +1)
You have tough skin. (AC +1)


Message History

The scorpion stings you.
* * * LOW HITPOINT WARNING * * *
You are more poisoned.
The scorpion poisons you!
You feel much better.
You feel very sick. The scorpion barely misses you. x2
Unknown command.
Unknown command.
The scorpion attacks as you move away! The scorpion closely misses you.
You feel very sick. The scorpion stings you.
* * * LOW HITPOINT WARNING * * *
You feel sick.
Okay, then.
You hit the scorpion but do no damage.
The scorpion is poisoned.
You feel sick. The scorpion barely misses you. The scorpion stings you.
* * * LOW HITPOINT WARNING * * *
You are more poisoned.
The scorpion poisons you!
You closely miss the scorpion.
You feel very sick.
The scorpion stings you but does no damage. x2
The scorpion barely misses you.
Unknown command.
You hit the scorpion. You burn the scorpion.
The scorpion is heavily wounded.
You feel sick. The scorpion stings you.
* * * LOW HITPOINT WARNING * * *
The scorpion closely misses you.
Unknown command.
As you read the scroll of fear, it crumbles to dust.
You assume a fearsome visage.
The scorpion looks frightened! x2
The scorpion easily resists.
You feel sick.
The scorpion stings you but does no damage.
Unknown command.
You barely miss the scorpion.
The scorpion is moderately wounded.
You feel sick. The scorpion stings you.
You die...

..........##.....##....#
.........##y.yyyyy##...#
........##+##yyy##+##..#
........#...#####...#..#
.....#..#....#[#....#..#
.....##.#....#$#s...#..#
.....##.#....'''s...#..#
.....##.##...#.#.s.##..#
..[..##..###s#†#@###...#
### #....###.###.....#
..#####..#............##
......##.##########.###
###### ..# ######...#
.....##### #......###
~~~~~# #.######
.....#######.#
######.......#


You could see 3 scorpions.

Vanquished Creatures
  The ghost of lambentLogic the Covert, a novice KoEn (D:5)
  A mana viper (shapeshifter) (D:5)
  3 redbacks (D:5)
  A water moccasin (D:5)
  An ice beast (D:5)
  A sky beast (D:5)
  A black bear (D:4)
  A centaur (D:5)
  2 ogres (D:5)
  6 scorpions (D:5)
  3 wights (D:4)
  2 jellies
  Crazy Yiuf (D:2)
  Jessica (D:2)
  2 orc wizards
  Natasha (thrice) (D:2)
  2 iguanas
  12 adders
  A gnoll (D:1)
  An ufetubus (D:3)
  3 dart slugs
  9 orcs
  4 endoplasms
  2 giant cockroaches (D:2)
  5 hobgoblins
  14 jackals
  6 quokkas
  2 ball pythons
  4 bats
  5 frilled lizards
  5 goblins
  6 kobolds
  8 rats
119 creatures vanquished.

Notes
Turn   | Place    | Note
-------+----------+-------------------------------------------
     0 | D:1      | xian the Troll Fighter began the quest for the Orb.
     0 | D:1      | Reached XP level 1. HP: 22/22 MP: 0/0
   170 | D:1      | Reached XP level 2. HP: 25/29 MP: 1/1
   312 | D:1      | Reached XP level 3. HP: 36/36 MP: 2/2
   675 | D:2      | Noticed Natasha
   679 | D:2      | Killed Natasha
   718 | D:2      | Reached XP level 4. HP: 44/44 MP: 3/3
   809 | D:2      | Noticed Jessica
   812 | D:2      | Noticed Natasha
   835 | D:2      | Killed Natasha
   836 | D:2      | Killed Jessica
   856 | D:2      | Found a faded altar of an unknown god.
   874 | D:2      | Found a faded altar of an unknown god.
  1028 | D:2      | Noticed Natasha
  1039 | D:2      | Killed Natasha
  1040 | D:2      | Reached XP level 5. HP: 52/52 MP: 4/4
  1078 | D:2      | Found a runed translucent door.
  1079 | D:2      | Noticed Crazy Yiuf
  1090 | D:2      | Killed Crazy Yiuf
  1752 | D:3      | Found Sakiudgh's General Store.
  1781 | D:3      | Bought a scroll of identify for 20 gold pieces
  1781 | D:3      | Bought a potion of degeneration for 10 gold pieces
  1781 | D:3      | Bought 2 atropa-tipped darts for 12 gold pieces
  1781 | D:3      | Bought 5 datura-tipped darts for 20 gold pieces
  2268 | D:3      | Identified the +6 whip of Might {flame, Dex+7}
  2464 | D:4      | Reached XP level 6. HP: 59/59 MP: 5/5
  2888 | D:4      | Reached skill level 1 in Staves
  2915 | D:4      | Found Egellob's Book Shop.
  3038 | D:4      | Reached skill level 2 in Staves
  3091 | D:4      | Reached XP level 7. HP: 67/67 MP: 6/6
  3382 | D:5      | Entered Level 5 of the Dungeon
  3382 | D:5      | Found a runed translucent door.
  3383 | D:5      | Noticed lambentLogic's ghost (novice KoEn)
  3395 | D:5      | Killed lambentLogic's ghost
  3396 | D:5      | Reached skill level 4 in Staves
  3396 | D:5      | Reached XP level 8. HP: 44/75 MP: 7/7
  3457 | D:5      | Reached skill level 1 in Stealth
  3495 | D:5      | HP: 3/78 [something (5)]
  3496 | D:5      | Reached skill level 5 in Staves
  3687 | D:5      | Reached skill level 5 in Dodging
  3774 | D:5      | Found a runed translucent door.
  3775 | D:5      | Found a runed translucent gate.
  3775 | D:5      | Found a runed translucent gate.
  3791 | D:5      | Found the +9 staff of Olgreb {rPois∞}
  3798 | D:5      | Found a runed translucent door.
  3907 | D:5      | Found a runed translucent gate.
  3926 | D:5      | Reached skill level 6 in Staves
  3947 | D:5      | Reached XP level 9. HP: 44/84 MP: 8/8
  3970 | D:5      | Noticed a glowing shapeshifter
  3970 | D:5      | a redback changed into a glowing shapeshifter
  3970 | D:5      | Noticed a mana viper
  3970 | D:5      | a glowing shapeshifter changed into a mana viper
  3974 | D:5      | Killed a mana viper
  3975 | D:5      | Reached skill level 7 in Staves
  4000 | D:5      | HP: 4/87 [poisoned by a scorpion]
  4000 | D:5      | Slain by a scorpion

Illustrated notes

Levels and vault maps discovered:
D:1:      reono_arrival_forest_river, layout_basic
D:2:      layout_loops_ring, hellmonk_ecumenical_altar_the_god_not_taken,
          minmay_tree_intersection, uniq_jessica, uniq_crazy_yiuf_cottage,
          uniq_natasha
D:3:      layout_basic, serial_shops, nicolae_shop_waterfront
D:4:      layout_gridville, serial_shops, kennysheep_little_box
D:5:      layout_rooms, ebering_ghost_reflecting_pool, dreamdust_wishing_well,
          amcnicky_mini_pool_small, chequers_serial_rivers_micro_a,
          minmay_guarded_unrand_staff_of_olgreb

Skill      XL: |  1  2  3  4  5  6  7  8  9 |
---------------+----------------------------+-----
Maces & Flails | 2 3 |  3.5
Shields        | 3 |  3.7
Dodging        | 3 4 5 |  5.4
Fighting       | 3 4 |  4.8
Staves         | 2 4 6 7 |  7.5
Stealth        | 1 |  1.6
Throwing       | |  0.5
Unarmed Combat | |  0.9

Action                   |  1- 3 |  4- 6 |  7- 9 || total
-------------------------+-------+-------+-------++-------
Melee: Flail             |   128 |    43 |       ||   171
       Unarmed           |       |    57 |       ||    57
       Quarterstaff      |       |    81 |   112 ||   193
Throw: Dart              |       |     8 |       ||     8
  Use: Scroll            |       |     5 |     4 ||     9
       Potion            |       |       |     6 ||     6
 Stab: Sleeping          |     1 |     2 |       ||     3
       Invisible         |       |       |     2 ||     2
       Confused          |       |       |     1 ||     1
Armor: Robe              |    74 |    99 |    47 ||   220
       Skin              |       |       |    27 ||    27
Dodge: Dodged            |    71 |   112 |    41 ||   224
Block: Kite shield       |    70 |    50 |       ||   120
